Map: Ice and Chrome LE

Players

Nina - Winner!

  • Race: Protoss Protoss
  • League: Grandmaster
  • Spawn Location: 1:00

CalebAracous

  • Race: Zerg Zerg
  • Spawn Location: 7:00

Event: The Miserable Cup

VOD

Have the link to the VOD?

Description

Time

  • Played on: June 20, 2020, 11:41 a.m.
  • Length: 8:26

All games in this series

Show
View Real Time Build Order
Export as new Build Order

Nina Protoss - Winner!

Build Orders: 1 Gate Expand, Oracle Opening, Phoenix Opening 

Get SALT Encoding   

  12  0:01  Probe  
  13  0:13  Probe  
  14  0:20  Pylon  
  14  0:25  Probe  
  15  0:35  Probe  
  15  0:38  Gateway  
  16  0:43  Probe  
  17  0:52  Assimilator, Probe  
  19  1:04  Probe  
  19  1:16  Probe  
  20  1:30  Probe  
  21  1:32  Nexus  
  21  1:40  Cybernetics Core  
  21  1:43  Probe  
  22  1:53  Assimilator  
  22  1:57  Pylon  
  22  1:58  Probe  
  23  2:06  Adept  
  24  2:15  Probe  
  24  2:20  Stargate  
  26  2:27  Probe  
  26  2:29  Adept  
  27  2:32  Warp Gate  
  27  2:40  Probe  
  27  2:41  Probe  
  31  2:52  Probe x2, Gateway  
  33  3:00  Oracle, Adept  
  33  3:04  Probe  
  36  3:09  Probe  
  40  3:15  Pylon  
  40  3:18  Probe  
  41  3:23  Probe  
  42  3:30  Probe  
  43  3:35  Probe  
  44  3:42  Probe  
  44  3:47  Probe  
  44  3:54  Phoenix, Probe  
  45  3:56  Probe  
  45  3:58  Robotics Facility  
  45  4:02  Assimilator  
  46  4:04  Assimilator, Probe  
  46  4:06  Probe  
  46  4:07  Pylon  
  48  4:10  Pylon  
  48  4:14  Probe  
  49  4:18  Probe  
  50  4:26  Probe  
  50  4:31  Probe  
  54  4:38  Probe  
  55  4:40  Pylon  
  55  4:42  Oracle  
  55  4:44  Probe  
  55  4:45  Adept x2  
  61  4:47  Observer  
  62  4:56  Pylon  
  62  5:00  Nexus, Probe  
  62  5:02  Pylon, Immortal  
  62  5:05  Adept x2  
  67  5:13  Probe  
  72  5:16  Pylon  
  72  5:22  Probe  
  72  5:23  Shield Battery  
  72  5:28  Probe  
  74  5:34  Probe  
  74  5:35  Immortal  
  75  5:40  Probe, Sentry x2  
  75  5:42  Gateway  
  84  5:44  Twilight Council  
  84  5:46  Probe  
  84  5:47  Forge  
  85  5:52  Probe  
  86  5:59  Oracle  
  89  6:04  Shield Battery  
  89  6:06  Sentry  
  89  6:10  Immortal, Gateway  
  91  6:15  Shield Battery  
  95  6:19  Stalker  
  95  6:22  Gateway  
  97  6:30  Robotics Bay, Sentry  
  99  6:37  Stalker  
  101  6:40  Probe x2  
  101  6:41  Pylon  
  101  6:53  Stalker x2  
  101  7:00  Stalker  
  103  7:03  Probe x2  
  103  7:07  Pylon  
  105  7:08  Stalker  
  105  7:14  Shield Battery  
  111  7:15  Probe  
  111  7:16  Probe  
  111  7:19  Disruptor  
  111  7:20  Stalker x3  
  111  7:22  Pylon  
  118  7:26  Gateway  
  118  7:27  Gateway  
  118  7:28  Probe  
  119  7:30  Probe  
  119  7:31  Shield Battery  
  119  7:36  Gateway  
  120  7:40  Probe  
  120  7:42  Zealot  
  123  7:44  Zealot x2  
  123  7:50  Probe  
  123  7:51  Gateway  
  128  7:52  Gateway  
  120  8:04  Stalker x2  
  120  8:05  Stalker  
Show
View Real Time Build Order
Export as new Build Order

CalebAracous Zerg 

Build Orders: Hatch First 

Get SALT Encoding   

  12  0:01  Drone  
  13  0:13  Overlord  
  13  0:17  Drone  
  14  0:31  Drone x2  
  16  0:47  Hatchery  
  15  0:51  Drone  
  15  0:55  Drone  
  17  1:06  Drone  
  17  1:09  Extractor  
  17  1:15  Spawning Pool  
  16  1:19  Drone  
  16  1:20  Drone  
  18  1:29  Drone  
  19  1:41  Drone  
  20  1:55  Overlord  
  20  2:01  Queen x2  
  20  2:02  Zergling x4  
  26  2:15  Drone  
  26  2:16  Drone  
  26  2:22  Drone x2  
  30  2:32  Hatchery  
  29  2:37  Pneumatized Carapace  
  29  2:42  Drone  
  30  2:45  Overlord  
  30  2:51  Queen  
  30  2:57  Zergling x2  
  34  2:58  Drone  
  34  2:59  Drone  
  34  3:02  Drone  
  36  3:16  Metabolic Boost  
  36  3:22  Drone x2  
  36  3:23  Overlord  
  36  3:24  Zergling x2  
  36  3:26  Drone  
  40  3:32  Queen  
  39  3:52  Drone x9  
  48  3:59  Spore Crawler  
  48  4:00  Spore Crawler  
  46  4:05  Queen  
  46  4:06  Spore Crawler  
  47  4:11  Drone x4  
  47  4:16  Overlord  
  51  4:24  Drone  
  51  4:25  Drone x2  
  51  4:28  Lair  
  51  4:29  Extractor  
  52  4:34  Roach Warren  
  52  4:36  Overlord  
  51  4:43  Queen  
  53  4:46  Queen  
  53  4:49  Drone x3  
  58  4:58  Overlord  
  58  4:59  Drone x5  
  62  5:06  Overlord  
  61  5:08  Overlord, Extractor  
  61  5:10  Extractor  
  59  5:22  Queen  
  61  5:30  Roach  
  61  5:31  Roach x7  
  77  5:35  Zergling x2  
  77  5:36  Zergling x6  
  77  5:41  Overlord  
  81  5:46  Overlord  
  81  5:48  Zergling x8  
  80  6:05  Zergling x18  
  80  6:06  Zergling x2  
  80  6:10  Overlord  
  90  6:13  Zergling x4  
  90  6:16  Ravager x3  
  90  6:17  Ravager x2  
  97  6:24  Ravager  
  97  6:25  Zergling x8  
  102  6:37  Ravager  
  103  6:53  Zergling x18  
  93  7:03  Zergling x2  
  93  7:05  Ravager  
  94  7:11  Queen  
  94  7:12  Queen  
  95  7:18  Roach x5  
  104  7:23  Zergling x2  
  105  7:32  Zergling x6  
  108  7:44  Zergling x12  
  101  7:59  Zergling x10, Roach  
  84  8:16  Ravager  
Tags
 
Add a new tag
Caveats
  • Supply blocks, unpowered buildings, or Contaminate may cause inaccurate times.
  • Supply counts are checked every 10 seconds.